Map: New Repugnancy LE

Players

Zergpower - Winner!

  • Race: Zerg Zerg
  • League: Gold
  • Spawn Location: 7:00

Mesrob

  • Race: Terran Terran
  • League: Platinum
  • Spawn Location: 1:00

VOD

Have the link to the VOD?

Description

Time

  • Played on: July 13, 2019, 6:27 p.m.
  • Length: 4:17
Show
View Real Time Build Order
Export as new Build Order

Zergpower Zerg - Winner!

Build Orders: Pool First 

Get SALT Encoding   

  12  0:01  Drone  
  13  0:08  Drone  
  14  0:19  Extractor, Drone  
  15  0:34  Spawning Pool  
  14  0:40  Overlord  
  14  1:04  Hatchery  
  14  1:08  Drone  
  14  1:11  Drone  
  14  1:16  Drone  
  16  1:20  Drone  
  17  1:31  Queen  
  19  1:35  Extractor  
  19  1:37  Drone  
  19  1:42  Zergling x2  
  20  2:06  Zergling x4  
  23  2:18  Overlord  
  23  2:20  Hatchery  
  22  2:24  Overlord  
  22  2:30  Extractor  
  21  2:38  Hatchery  
  21  2:40  Metabolic Boost  
  19  2:46  Zergling x2  
  19  2:48  Zergling x2  
  21  3:17  Zergling x6  
  23  3:52  Zergling x4  
  23  3:53  Zergling x2  
Show
View Real Time Build Order
Export as new Build Order

Mesrob Terran 

Build Orders: 2 Factory, Reaper Expand 

Get SALT Encoding   

  12  0:00  SCV  
  13  0:12  SCV  
  14  0:17  Supply Depot  
  14  0:25  SCV  
  15  0:39  SCV  
  15  0:40  Barracks  
  16  0:51  SCV  
  17  0:57  Refinery  
  17  1:03  SCV  
  18  1:15  SCV  
  19  1:28  Orbital Command  
  19  1:41  Reaper  
  19  1:46  Barracks  
  20  2:09  Supply Depot  
  20  2:11  Refinery  
  20  2:30  Factory  
  20  2:44  Command Center  
  20  2:52  Barracks Reactor  
  20  2:54  Engineering Bay  
  20  2:55  SCV  
  18  3:15  Hellion  
  18  3:18  Factory  
  18  3:44  Hellion  
Tags
 
Add a new tag
Caveats
  • Supply blocks, unpowered buildings, or Contaminate may cause inaccurate times.
  • Supply counts are checked every 10 seconds.